 Dungeon Crawl Stone Soup version 0.28.0-43-g3370ac3207 (webtiles) character file.

Game seed: 10465551711987228923

176186 KamiKatze the Eclecticist (level 17, -5/95 (97) HPs)
             Began as a Deep Elf Conjurer on Mar 25, 2022.
             Was the Champion of Vehumet.
             Blown up by an orb spider (25 damage)
             ... with a wavering orb of destruction
             ... on level 4 of the Spider Nest on Mar 26, 2022.
             The game lasted 03:25:18 (35975 turns).

KamiKatze the Eclecticist (Deep Elf Conjurer)      Turns: 35975, Time: 03:25:18

HP:   -5/95 (97)    AC: 12    Str:  4    XL:     17   Next: 50%
MP:   37/43         EV: 14    Int: 32    God:    Vehumet [******]
Gold: 1502          SH:  5    Dex: 13    Spells: 0/56 levels left

rFire   + . .      SeeInvis +   c - staff of conjuration
rCold   + . .      Faith    .   f - +0 buckler
rNeg    . . .      Spirit   .   s - +2 robe {rC+ rF+}
rPois   +          Reflect  .   A - +0 helmet {SInv}
rElec   .          Harm     .   y - +0 cloak
rCorr   +          Rampage  .   h - +2 pair of gloves
Will    +....                   N - +2 pair of boots {Fly}
Stlth   +++.......              j - amulet of regeneration
HPRegen 1.05/turn               R - ring of poison resistance
MPRegen 0.28/turn               K - ring of resist corrosion

@: flying, lightly drained
A: no striking features
a: Renounce Religion


You were on level 4 of the Spider Nest.
You worshipped Vehumet.
Vehumet was exalted by your worship.
You visited 5 branches of the dungeon, and saw 28 of its levels.
You also visited: Gauntlet and Ice Cave.

You collected 3027 gold pieces.
You spent 1525 gold pieces at shops.

Inventory:

Missiles
 w - 62 poisoned darts (quivered)
 H - 5 throwing nets
Armour
 f - a +0 buckler (worn)
 h - a +2 pair of gloves (worn)
 s - a +2 robe of resistance (worn)
 y - a +0 cloak (worn)
 A - a +0 helmet of see invisible (worn)
 N - a +2 pair of boots of flying (worn)
 W - a +1 helmet of intelligence
Magical Staves
 c - a staff of conjuration (weapon)
 e - a staff of earth
 i - a staff of cold
 v - a staff of poison
Jewellery
 b - a ring of protection from fire
 d - a ring of willpower
 j - an amulet of regeneration (around neck)
 I - a ring of fire
 K - a ring of resist corrosion (right hand)
 R - a ring of poison resistance (left hand)
 V - a ring of protection from cold
Wands
 n - a wand of acid (18)
 D - a wand of digging (9)
 F - a wand of paralysis (8)
 G - a wand of charming (7)
 M - a wand of iceblast (21)
 Q - a wand of polymorph (11)
 X - a wand of mindburst (13)
Scrolls
 l - a scroll of holy word
 m - 11 scrolls of teleportation
 o - a scroll of blinking
 q - a scroll of amnesia
 t - 6 scrolls of fear
 u - 3 scrolls of fog
 x - 4 scrolls of magic mapping
 O - 6 scrolls of immolation
Potions
 a - 6 potions of lignification
 g - 2 potions of might
 k - 13 potions of curing
 r - 3 potions of resistance
 z - 6 potions of brilliance
 B - 5 potions of attraction
 C - 3 potions of invisibility
 E - 3 potions of heal wounds
 J - 8 potions of ambrosia
 U - 4 potions of haste
 Y - a potion of cancellation
 Z - 2 potions of magic
Miscellaneous
 p - a condenser vane
 S - a phantom mirror


   Skills:
 + Level 8.2 Fighting
 - Level 1.0 Armour
 - Level 6.0 Dodging
 - Level 6.0 Stealth
 - Level 5.0 Shields
 * Level 20.4 Spellcasting
 + Level 14.3 Conjurations
 - Level 12.0 Hexes
 - Level 9.0 Translocations
 * Level 12.3 Fire Magic
 * Level 7.7 Ice Magic
 * Level 5.7 Air Magic
 - Level 12.0 Earth Magic
 - Level 6.0 Poison Magic


You couldn't memorise any spells.
You knew the following spells:

 Your Spells              Type           Power      Damage    Failure   Level
a - Magic Dart            Conj           100%       1d8       0%          1
b - Searing Ray           Conj           100%       2d8       0%          2
c - Fulminant Prism       Conj/Hex       54%        3d23      1%          4
d - Iskenderun's Mystic   Conj/Tloc      100%       2d19      1%          4
e - Fireball              Conj/Fire      54%        3d21      1%          5
f - Lee's Rapid Deconstr  Erth           41%        3d21*     1%          5
g - Iron Shot             Conj/Erth      54%        9d10      1%          6
h - Orb of Destruction    Conj           56%        9d14      1%          7
i - Ozocubu's Refrigerat  Ice            35%        4d12      13%         7
j - Maxwell's Capacitive  Air            31%        ∞         87%         8
x - Ignite Poison         Fire/Tmut/Pois 64%        N/A       1%          3
z - Olgreb's Toxic Radia  Pois           63%        N/A       1%          4

Your spell library contained the following spells:

 Spells                   Type           Power      Damage    Failure   Level
 Ignition                 Fire           42%        3d12      16%         8
 Fire Storm               Conj/Fire      54%        8d14      78%         9
 Chain Lightning          Conj/Air       49%        3d65      99%         9
 Scorch                   Fire           100%       2d10      0%          2
 Conjure Flame            Conj/Fire      100%       6-21      0%          3
 Dazzling Flash           Conj/Hex       100%       N/A       0%          3
 Animate Skeleton         Necr           64%        N/A       1%          1
 Apportation              Tloc           100%       N/A       1%          1
 Freeze                   Ice            100%       1d11      1%          1
 Summon Small Mammal      Summ           100%       N/A       1%          1
 Corpse Rot               Necr/Air       100%       N/A       1%          2
 Poisonous Vapours        Pois/Air       100%       N/A       1%          2
 Confusing Touch          Hex            83%        N/A       1%          3
 Frozen Ramparts          Ice            100%       1d12      1%          3
 Summon Guardian Golem    Hex/Summ       63%        N/A       1%          3
 Airstrike                Air            31%        N/A       1%          4
 Flame Wave               Conj/Fire      100%       2d17      1%          4
 Hailstorm                Conj/Ice       100%       3d20      1%          4
 Passage of Golubria      Tloc           74%        N/A       1%          4
 Petrify                  Tmut/Erth      63%        N/A       1%          4
 Sticky Flame             Conj/Fire      100%       2d11      1%          4
 Metabolic Englaciation   Hex/Ice        38%        N/A       1%          5
 Silence                  Hex/Air        36%        N/A       1%          5
 Yara's Violent Unravell  Hex/Tmut       31%        3d13      1%          5
 Conjure Ball Lightning   Conj/Air       49%        3x3d17    1%          6
 Ice Form                 Ice/Tmut       55%        N/A       2%          4
 Summon Ice Beast         Ice/Summ       55%        N/A       2%          4
 Summon Mana Viper        Hex/Summ       63%        N/A       3%          5
 Summon Lightning Spire   Summ/Air       50%        N/A       4%          4
 Summon Forest            Summ/Tloc      28%        N/A       6%          5
 Enfeeble                 Hex            41%        N/A       9%          7
 Animate Dead             Necr           16%        N/A       13%         4
 Spellforged Servitor     Conj/Summ      43%        N/A       16%         7
 Statue Form              Tmut/Erth      42%        N/A       17%         6
 Agony                    Necr           32%        N/A       36%         5
 Simulacrum               Ice/Necr       27%        N/A       38%         6
 Discord                  Hex            41%        N/A       54%         8
 Summon Cactus Giant      Summ           16%        N/A       90%         6
 Disjunction              Tloc           37%        N/A       91%         8
 Haunt                    Necr/Summ      16%        N/A       100%        7
 Infestation              Necr           16%        N/A       100%        8


Dungeon Overview and Level Annotations

Branches:
Dungeon (15/15)            Temple (1/1) D:5            Lair (6/6) D:9
 Shoals (0/4) Lair:2       Spider (4/4) Lair:2        Slime (0/5) Lair:6
    Orc (2/2) D:10            Elf (0/3) Orc:2        Vaults (0/5) D:13
 Depths (0/4) D:15          IceCv (visited)         Gauntlet (visited)

Altars:
Ashenzari
Cheibriados
Dithmenos
Elyvilon
Fedhas
Gozag
Hepliaklqana
Kikubaaqudgha
Makhleb
Nemelex Xobeh
Okawaru
Qazlal
Ru
Sif Muna
Trog
Uskayaw
Vehumet
Wu Jian
Xom
Yredelemnul
Zin
The Shining One
Beogh
Jiyva

Shops:
D:1 (   D:9 ?   D:10 *   D:11 =   D:12 [   Orc:2 [:(:

Annotations:
Lair:6 1 runed translucent door, exclusion: door


Message History

A tarantella comes into view.
An orb of destruction comes into view.
Unknown command.
Unknown command.
Casting: Iskenderun's Mystic Blast (safe; 1% risk of failure)
Confirm with . or Enter, or press ? or * to list all spells.
You feel a surge of power!
You erupt in a blast of force!
The mystic blast hits the orb spider!!
You kill the orb spider!
Vehumet accepts your kill.
You feel your power returning.
The mystic blast hits the jumping spider!
The jumping spider is almost dead.
The jumping spider is knocked back by the mystic blast.
The jumping spider slams into the rock wall!
The jumping spider is almost dead.
The mystic blast hits the orb spider!!
You kill the orb spider!
Vehumet accepts your kill.
You feel your power returning.
The mystic blast hits the redback!!
You kill the redback!
Vehumet accepts your kill.
You feel your power returning.
The mystic blast hits the culicivora simulacrum!!
The culicivora simulacrum vaporises!
The mystic blast hits the jumping spider!!
The jumping spider is severely wounded.
The jumping spider is knocked back by the mystic blast.
The mystic blast hits the pharaoh ant!!
The pharaoh ant is heavily damaged.
The pharaoh ant is knocked back by the mystic blast.
The mystic blast hits the redback!!
You kill the redback!
Vehumet accepts your kill.
The culicivora hisses angrily.
A freezing mist starts to gather... x4 2 redback simulacra and 2 orb spider simulacra come into view.
The redback simulacrum evades a web.
The wavering orb of destruction hits you!!
You die...

### ^^...
....# s...
...#. #ss.
##..s Z..#
#....##ZZB###
.ss^.†.....#
###..○Z...#
#B...@Z.#
#.....#..#
###... ..#
#...# ..#
...#. ..#
..s.#. (.#
... # #.# ..
##


You could see an orb spider, 2 pharaoh ants, 3 jumping spiders, 2 tarantellas, a
redback, 2 orb spider simulacra and 3 redback simulacra.

Vanquished Creatures
  A shadow dragon (D:12)
  2 emperor scorpions
  An orc warlord (Orc:1)
  2 ghost moths
  3 broodmothers
  2 reapers (IceCv)
  A very ugly thing (D:15)
  Nessos (D:12)
  5 entropy weavers
  2 spark wasps
  Snorg (D:12)
  A minotaur (Gauntlet)
  An ettin (D:12)
  3 fire dragons
  14 hydras
  Josephine (D:10)
  Erolcha (D:10)
  4 boulder beetles
  6 centaur warriors
  A death knight (D:10)
  A jorogumo (Spider:2)
  2 ogre magi
  17 death yaks
  8 two-headed ogres
  4 tengu warriors
  Urug (D:12)
  An orc high priest (Orc:1)
  A deep troll earth mage (D:12)
  A skeletal warrior (D:10)
  A glowing orange brain (D:15)
  11 orb spiders
  5 steelbarb worms
  7 pharaoh ants
  A bog body (IceCv)
  2 obsidian statues (IceCv)
  A lindwurm (Lair:6)
  A wizard (D:12)
  12 orc knights
  An orb spider (shapeshifter) (D:15)
  A deep elf zephyrmancer (D:12)
  A necromancer (Gauntlet)
  A deep elf pyromancer (D:10)
  5 manticores
  3 orc sorcerers
  19 ugly things
  An oklob plant (Lair:6)
  3 cyclopes
  9 elephants
  18 wolf spiders
  2 moths of wrath
  7 black mambas
  6 torpor snails
  Maurice (D:12)
  4 molten gargoyles
  A gargoyle (D:11)
  17 cane toads
  Psyche (D:9)
  2 kobold demonologists (D:10)
  3 rime drakes
  3 efreet
  An unseen horror (D:12)
  8 komodo dragons
  3 tengu conjurers
  6 demonic crawlers
  5 freezing wraiths (IceCv)
  2 anaconda simulacra (IceCv)
  A meliai (shapeshifter) (D:13)
  3 golden dragon simulacra (IceCv)
  A queen bee (Lair:2)
  14 tarantellas
  3 meliai (Spider:3)
  A wind drake (Lair:2)
  7 trolls
  A hornet (shapeshifter) (D:13)
  2 hornets (D:9)
  5 polar bears
  20 blink frogs
  13 slime creatures
  A meliai zombie (D:10)
  23 dream sheep
  A centaur simulacrum (D:14)
  21 jumping spiders
  A shadow (D:13)
  17 culicivoras
  31 yaks
  10 wraiths
  7 wyverns
  9 vampire mosquitoes
  16 humans (D:13)
  4 basilisks
  37 redbacks
  A minotaur simulacrum (IceCv)
  A steam dragon (Lair:6)
  6 wargs
  A swamp worm (shapeshifter) (D:10)
  2 swamp worms (Gauntlet)
  3 hydra simulacra (IceCv)
  An acid dragon (D:11)
  8 water moccasins
  4 hell hounds (Lair:6)
  49 orc warriors
  4 ettin simulacra (IceCv)
  8 necrophages
  An alligator simulacrum (IceCv)
  A sky beast (D:5)
  9 centaurs
  28 wolves
  5 ogres
  A phantom (D:6)
  7 kobold brigands
  3 gnoll sergeants
  A scorpion (D:6)
  11 bullfrogs
  A deep troll simulacrum (IceCv)
  A wyvern zombie (D:10)
  30 killer bees
  A lindwurm simulacrum (IceCv)
  18 electric eels
  5 howler monkeys
  9 lava snakes
  A bullfrog zombie (D:7)
  2 centaur zombies (D:8)
  A hound (D:4)
  21 orc priests
  A jelly (D:6)
  Crazy Yiuf (D:4)
  3 centaur skeletons
  2 iguanas
  17 orc wizards
  2 hell rats (Lair:1)
  2 hound skeletons (D:5)
  A howler monkey zombie (D:6)
  2 adders
  16 gnolls
  7 river rats (Lair:1)
  A shadow imp (D:8)
  3 white imps
  An ufetubus (D:4)
  2 dart slugs
  80 orcs
  7 ball pythons
  8 endoplasms
  A giant cockroach (D:1)
  9 hobgoblins
  2 jackals (D:3)
  4 bats
  A frilled lizard (D:2)
  11 goblins
  36 kobolds
  11 rats
  A fire vortex (D:15)
  A fulminant prism (IceCv)
991 creatures vanquished.

Vanquished Creatures (collateral kills)
  A torpor snail (Gauntlet)
1 creature vanquished.

Vanquished Creatures (others)
  A bush (Lair:5)
  484 fulminant prisms
  66 fungi
  87 plants
638 creatures vanquished.

Grand Total: 1630 creatures vanquished

Notes
Turn   | Place    | Note
-------+----------+-------------------------------------------
     0 | D:1      | KamiKatze the Deep Elf Conjurer began the quest for the
                  | Orb.
     0 | D:1      | Reached XP level 1. HP: 10/10 MP: 6/6
   333 | D:1      | Found Caaro's Weapon Boutique.
   368 | D:1      | Reached XP level 2. HP: 15/15 MP: 6/8
   371 | D:1      | Learned a level 2 spell: Searing Ray
   708 | D:1      | Found a faded altar of an unknown god.
  1092 | D:2      | Reached XP level 3. HP: 19/19 MP: 7/10
  1245 | D:2      | Reached skill level 4 in Spellcasting
  1744 | D:3      | Found a broken altar of Ashenzari.
  1796 | D:3      | Reached skill level 5 in Conjurations
  1802 | D:3      | Reached XP level 4. HP: 20/24 MP: 1/12
  1807 | D:3      | Learned a level 4 spell: Fulminant Prism
  1812 | D:3      | Learned a level 4 spell: Iskenderun's Mystic Blast
  2805 | D:4      | Noticed a necrophage
  2912 | D:4      | Reached skill level 1 in Hexes
  2955 | D:4      | Reached skill level 1 in Translocations
  2955 | D:4      | Reached XP level 5. HP: 28/28 MP: 5/14
  2956 | D:4      | Killed a necrophage
  2957 | D:4      | Reached skill level 5 in Spellcasting
  3092 | D:4      | Found a runed translucent door.
  3093 | D:4      | Noticed Crazy Yiuf
  3100 | D:4      | Killed Crazy Yiuf
  3181 | D:4      | Reached XP level 6. HP: 32/32 MP: 14/16
  3367 | D:4      | You fall into a shaft and drop 2 floors!
  3384 | D:5      | Entered Level 5 of the Dungeon
  3427 | D:5      | Found a staircase to the Ecumenical Temple.
  3436 | Temple   | Entered the Ecumenical Temple
  3522 | Temple   | Became a worshipper of Vehumet
  4108 | D:5      | Reached skill level 6 in Spellcasting
  4108 | D:5      | Reached XP level 7. HP: 36/36 MP: 8/18
  4865 | D:6      | Reached skill level 7 in Spellcasting
  4969 | D:6      | Reached * piety under Vehumet
  4969 | D:6      | Offered knowledge of Shock by Vehumet.
  4970 | D:6      | Reached skill level 5 in Hexes
  4970 | D:6      | Reached XP level 8. HP: 41/41 MP: 12/20
  5300 | D:7      | Reached skill level 5 in Translocations
  5489 | D:7      | Reached skill level 8 in Spellcasting
  5773 | D:7      | Reached ** piety under Vehumet
  5773 | D:7      | Offered knowledge of Sandblast by Vehumet.
  5969 | D:7      | Identified the +6 flail of Moadwit {vorpal, Str+3}
  6654 | D:8      | Reached XP level 9. HP: 45/45 MP: 15/23
  6688 | D:8      | Offered knowledge of Scorch by Vehumet.
  6698 | D:8      | Noticed a two-headed ogre
  6813 | D:8      | Killed a two-headed ogre
  6814 | D:8      | Reached skill level 1 in Fighting
  6814 | D:8      | Reached skill level 9 in Spellcasting
  7259 | D:9      | Reached *** piety under Vehumet
  7359 | D:9      | Found a staircase to the Lair.
  7368 | D:9      | Noticed Psyche
  7382 | D:9      | Noticed a troll
  7387 | D:9      | Killed Psyche
  7569 | D:9      | Reached XP level 10. HP: 53/53 MP: 22/25
  7572 | D:9      | Offered knowledge of Olgreb's Toxic Radiance by Vehumet.
  7584 | D:9      | Learned a level 4 spell: Olgreb's Toxic Radiance
  8045 | D:9      | Reached skill level 10 in Spellcasting
  8067 | D:9      | Found Wegg's Magic Scroll Boutique.
  8075 | D:9      | Bought a scroll of amnesia for 49 gold pieces
  8075 | D:9      | Bought a scroll of identify for 28 gold pieces
  8075 | D:9      | Bought a scroll of teleportation for 42 gold pieces
  8142 | D:10     | Entered Level 10 of the Dungeon
  8209 | D:10     | Reached skill level 1 in Poison Magic
  8257 | D:10     | Reached **** piety under Vehumet
  8342 | D:10     | Offered knowledge of Fireball by Vehumet.
  8362 | D:10     | Noticed an orange demon
  8512 | D:10     | Found Celi's Assorted Antiques.
  8533 | D:10     | Bought a metallic pink potion for 18 gold pieces
  8533 | D:10     | Bought a cyan potion for 18 gold pieces
  8533 | D:10     | Bought a scroll labelled FUSAKK GUSOKK for 20 gold pieces
  8707 | D:10     | Learned a level 5 spell: Fireball
  8797 | D:10     | Reached skill level 1 in Fire Magic
  9052 | D:10     | Noticed Josephine
  9064 | D:10     | Killed Josephine
  9079 | D:10     | Reached skill level 11 in Spellcasting
  9184 | D:10     | Reached XP level 11. HP: 57/57 MP: 12/28
  9358 | D:10     | Found a staircase to the Orcish Mines.
  9558 | D:10     | Noticed a deep elf pyromancer
  9560 | D:10     | Noticed a tengu warrior
  9560 | D:10     | Noticed a six-headed hydra
  9561 | D:10     | Noticed a skeletal warrior
  9561 | D:10     | Noticed an ogre mage
  9570 | D:10     | Noticed a death knight
  9570 | D:10     | Noticed a centaur warrior
  9589 | D:10     | Noticed Erolcha
  9604 | D:10     | Killed Erolcha
  9611 | D:10     | Noticed a fire crab
 10282 | D:11     | Found Vexty's Jewellery Shoppe.
 10378 | D:11     | Noticed a two-headed ogre
 10385 | D:11     | Killed a two-headed ogre
 10386 | D:11     | Reached skill level 10 in Conjurations
 10401 | D:11     | Reached skill level 10 in Hexes
 10504 | D:11     | Reached skill level 5 in Poison Magic
 10790 | D:12     | Noticed Urug
 10946 | D:12     | Found Wylupi Vai's Antique Armour Emporium.
 10946 | D:12     | Noticed a boulder beetle
 10956 | D:12     | Noticed a deep elf zephyrmancer
 10959 | D:12     | Killed a boulder beetle
 10966 | D:12     | Noticed a deep troll earth mage
 11083 | Lair:1   | Entered Level 1 of the Lair of Beasts
 11129 | Lair:1   | Reached skill level 12 in Spellcasting
 11320 | Lair:1   | Reached skill level 5 in Fire Magic
 11361 | Lair:1   | Reached ***** piety under Vehumet
 11451 | Lair:1   | Offered knowledge of Eringya's Noxious Bog by Vehumet.
 11520 | Lair:1   | Reached skill level 5 in Stealth
 11761 | Lair:1   | Noticed a seven-headed hydra
 11774 | Lair:1   | Killed a seven-headed hydra
 11775 | Lair:1   | Reached XP level 12. HP: 44/62 MP: 12/30
 12169 | Lair:2   | Reached skill level 1 in Armour
 12268 | Lair:2   | Reached skill level 5 in Dodging
 12436 | Lair:2   | Reached skill level 13 in Spellcasting
 12795 | Lair:2   | Found a staircase to the Shoals.
 12831 | Lair:2   | Found a hole to the Spider Nest.
 13236 | Lair:3   | Noticed a four-headed hydra
 13244 | Lair:3   | Killed a four-headed hydra
 13767 | Lair:3   | Reached skill level 14 in Spellcasting
 13968 | Lair:3   | Offered knowledge of Lee's Rapid Deconstruction by Vehumet.
 14391 | Lair:3   | Learned a level 5 spell: Lee's Rapid Deconstruction
 14451 | Lair:4   | Noticed a death yak
 14453 | Lair:4   | Noticed a death yak
 14553 | Lair:4   | Reached skill level 1 in Earth Magic
 14674 | Lair:4   | Noticed an eight-headed hydra
 14681 | Lair:4   | Reached XP level 13. HP: 62/70 MP: 26/33
 15343 | Lair:4   | Reached skill level 15 in Spellcasting
 15845 | Lair:5   | Found a shadowy altar of Dithmenos.
 15913 | Lair:5   | Reached skill level 5 in Earth Magic
 15967 | Lair:5   | Reached skill level 5 in Fighting
 16685 | Lair:6   | Entered Level 6 of the Lair of Beasts
 16948 | Lair:6   | Found a runed translucent door.
 16953 | Lair:6   | Noticed an azure jelly
 16954 | Lair:6   | Found a viscous altar of Jiyva.
 16954 | Lair:6   | Found a staircase to the Slime Pits.
 16954 | Lair:6   | Noticed an azure jelly
 16954 | Lair:6   | Noticed an azure jelly
 16955 | Lair:6   | Noticed an azure jelly
 17018 | Lair:6   | Reached skill level 16 in Spellcasting
 17026 | Lair:6   | Reached XP level 14. HP: 64/78 MP: 11/36
 17837 | Lair:5   | Offered knowledge of Iron Shot by Vehumet.
 17845 | Lair:5   | Learned a level 6 spell: Iron Shot
 19148 | Lair:6   | Reached skill level 17 in Spellcasting
 19652 | Lair:6   | Found a large runed translucent door.
 19653 | Lair:6   | Found a large runed translucent door.
 20602 | Orc:1    | Entered Level 1 of the Orcish Mines
 20925 | Orc:1    | Offered knowledge of Spellforged Servitor by Vehumet.
 21312 | Orc:1    | Reached skill level 1 in Shields
 21487 | Orc:1    | Noticed an orc warlord
 21530 | Orc:1    | Killed an orc warlord
 21940 | Orc:2    | Entered Level 2 of the Orcish Mines
 21976 | Orc:2    | Found a gate leading to a gauntlet.
 21985 | Gauntlet | Entered a Gauntlet
 21985 | Gauntlet | Found a transporter.
 21985 | Gauntlet | Found a transporter.
 21985 | Gauntlet | Found a transporter.
 22007 | Gauntlet | Found a transporter.
 22023 | Gauntlet | Found a transporter.
 22028 | Gauntlet | Found a transporter.
 22042 | Gauntlet | Found a transporter.
 22061 | Gauntlet | Found a transporter.
 22070 | Gauntlet | Found a transporter.
 22073 | Gauntlet | Found a transporter.
 22087 | Gauntlet | Found a transporter.
 22090 | Gauntlet | Found a transporter.
 22269 | Gauntlet | Reached XP level 15. HP: 73/84 MP: 26/38
 22291 | Gauntlet | Identified the +0 hat "Yfeqid" {Dex+4}
 22337 | Gauntlet | Got Sif Muna's Almanac of Weightlessness
 22343 | Gauntlet | Got the Tome of Enchantment
 22366 | Gauntlet | Got the Volume of Unstable Malediction
 22823 | Orc:2    | Found a staircase to the Elven Halls.
 23297 | Orc:2    | Reached skill level 10 in Fire Magic
 23641 | Orc:2    | Found Jiydao's Book Emporium.
 23641 | Orc:2    | Found Goilian's Antique Weapon Boutique.
 23857 | Orc:2    | Bought a book of Dangerous Friends for 600 gold pieces
 23865 | Orc:2    | Learned a level 7 spell: Orb of Destruction
 23865 | Orc:2    | Bought a book of Chaos for 750 gold pieces
 24488 | Orc:2    | Found Zabis's Antique Armour Boutique.
 24488 | Orc:2    | Found Hoisk's Book Emporium.
 24623 | D:12     | Noticed Maurice
 24626 | D:12     | Killed Maurice
 24628 | D:12     | Reached ****** piety under Vehumet
 24634 | D:12     | Killed Urug
 24708 | D:12     | Noticed Snorg
 24713 | D:12     | Killed Snorg
 24714 | D:12     | Reached skill level 18 in Spellcasting
 24766 | D:12     | Noticed Nessos
 24924 | D:12     | Killed Nessos
 25244 | D:12     | Offered knowledge of Yara's Violent Unravelling by Vehumet.
 25251 | D:12     | Learned a level 5 spell: Yara's Violent Unravelling
 25286 | D:12     | Reached skill level 10 in Earth Magic
 25735 | D:12     | Noticed a shadow dragon
 25749 | D:12     | Killed a shadow dragon
 25891 | D:13     | Found a gate to the Vaults.
 26403 | D:13     | Offered knowledge of Ozocubu's Refrigeration by Vehumet.
 26414 | D:13     | Learned a level 7 spell: Ozocubu's Refrigeration
 27149 | D:14     | Found a frozen archway.
 27154 | IceCv    | Entered an ice cave
 27166 | IceCv    | Reached skill level 1 in Ice Magic
 28347 | D:14     | Reached XP level 16. HP: 92/92 MP: 25/40
 29004 | D:15     | Entered Level 15 of the Dungeon
 29110 | D:15     | Reached skill level 19 in Spellcasting
 29717 | D:15     | Offered knowledge of Maxwell's Capacitive Coupling by
                  | Vehumet.
 29841 | D:15     | Found a faded altar of an unknown god.
 29863 | D:15     | Learned a level 8 spell: Maxwell's Capacitive Coupling
 29873 | D:15     | Found a hazy altar of Hepliaklqana.
 29875 | D:15     | Found a faded altar of an unknown god.
 29875 | D:15     | Found a faded altar of an unknown god.
 30073 | D:15     | Reached skill level 1 in Air Magic
 30609 | D:15     | Reached skill level 5 in Ice Magic
 30708 | D:15     | Found a staircase to the Depths.
 31686 | Spider:1 | Entered Level 1 of the Spider Nest
 31859 | Spider:1 | Offered knowledge of Fire Storm by Vehumet.
 31859 | Spider:1 | Offered knowledge of Chain Lightning by Vehumet.
 31859 | Spider:1 | Offered knowledge of Ignition by Vehumet.
 33664 | Spider:2 | Reached XP level 17. HP: 97/97 MP: 18/42
 34362 | Spider:3 | Reached skill level 20 in Spellcasting
 34704 | Spider:3 | Reached skill level 5 in Air Magic
 35274 | Spider:3 | Learned a level 3 spell: Ignite Poison
 35448 | Spider:3 | Reached skill level 5 in Shields
 35911 | Spider:4 | Entered Level 4 of the Spider Nest
 35975 | Spider:4 | Blown up by an orb spider

Illustrated notes

Levels and vault maps discovered:
D:1:      sevenhm_arrival_forest_fort_large_4, layout_basic, serial_shops,
          nicolae_shop_advertising_works [nicolae_subvault_shop_adworks],
          dilly_ecumenical_altar_fadedgnrine, corexii_leaking_fountain,
          minivault_19
D:2:      layout_rooms, minmay_tetromino_i4
D:3:      layout_basic, lemuel_doored_altar
D:4:      layout_loops_cross, uniq_crazy_yiuf_cottage
D:5:      layout_gridville, minmay_temple_entry_statues_pillars
D:6:      layout_rooms, kennysheep_decorative_pillar
D:7:      corexii_shantytown, layout_basic
D:8:      layout_loops_ring, due_unseen_surprise
D:9:      layout_roguey, dpeg_oklobed_lair, serial_shops, shop, uniq_psyche
D:10:     layout_basic, kennysheep_orc_monster_closet_entryway, serial_shops,
          nicolae_lakefront_shop, minivault_12, uniq_erolcha, uniq_josephine
D:11:     layout_irregular_city, serial_shops, shop_statue
D:12:     minmay_chopped_fan, layout_basic, serial_shops,
          nicolae_shop_overgrown_old_shop, uniq_nessos, uniq_snorg,
          uniq_maurice, uniq_urug
D:13:     layout_basic, david_vaults_3
D:14:     layout_irregular_city, serial_park_tiny_pond,
          portal_ice_cave_entry_pillars_2
D:15:     gammafunk_enter_depths_forms, layout_basic, abandoned_shop,
          nicolae_hepliaklqana_ecumenical_no_more
Temple:   dpeg_three_leaves_temple
Lair:1:   layout_concentric_octagons, kennysheep_abandoned_house,
          grunt_megastairs_2, serial_bayou_shore_a, infiniplex_staircase_pool_2,
          lemuel_fruit_tree, serial_bayou_shore_b
Lair:2:   layout_cave_shapes, minmay_shoals_entry_beasts,
          nicolae_spider_entry_orb_guardian, special_room [special_room_bee],
          grunt_megastairs_3
Lair:3:   layout_roguey, chequers_serial_rivers_micro_a, roderic_carrion_pond,
          grunt_megastairs_1
Lair:4:   layout_loops_ring, grunt_megastairs_4
Lair:5:   layout_misc_corridors, basic_altar, nicolae_lair_liquid_snakes
Lair:6:   cheibrodos_lair_end_hotspot, layout_cave_pods, slime_altar_2,
          minivault_26, serial_bayou_pond_d
Spider:1: layout_spider_delve
Spider:2: layout_spider_delve
Spider:3: layout_spider_delve
Spider:4: johnstein_spider_rune_arachne_lair, hangedman_stitches_earthworm,
          uniq_asterion
Orc:1:    orc_temple, layout_caves
Orc:2:    st_orc_town, layout_diamond_mine, gauntlet_entry_generic

Skill      XL: |  1  2  3  4  5  6  7  8  9 10 11 12 13 14 15 16 17 |
---------------+----------------------------------------------------+-----
Spellcasting   | 4 5 6 7 8 9 11 12 14 16 17 18 19 20 | 20.4
Stealth        | 3 4 5 6 |  6.0
Dodging        | 3 4 6 |  6.0
Conjurations   | 5 6 8 9 10 11 12 13 14 | 14.3
Hexes          | 1 2 3 5 6 8 9 10 11 12 | 12.0
Translocations | 1 2 3 4 5 6 8 9 |  9.0
Fighting       | 1 2 3 5 6 7 8 |  8.2
Poison Magic   | 3 6 |  6.0
Fire Magic     | 2 5 7 8 9 11 12 | 12.3
Armour         | 1 |  1.0
Earth Magic    | 1 6 9 10 11 12 | 12.0
Shields        | 1 4 5 |  5.0
Ice Magic      | 2 6 7 |  7.7
Air Magic      | 4 5 |  5.7

Action                   |  1- 3 |  4- 6 |  7- 9 | 10-12 | 13-15 | 16-18 || total
-------------------------+-------+-------+-------+-------+-------+-------++-------
Melee: Demon whip        |       |     1 |     1 |       |       |       ||     2
       Dagger            |       |       |       |    10 |     8 |       ||    18
       Staff             |       |       |       |       |     1 |     7 ||     8
 Cast: Magic Dart        |    46 |    32 |    55 |    13 |     6 |     4 ||   156
       Searing Ray       |     6 |    17 |    31 |    10 |     2 |     1 ||    67
       Fulminant Prism   |       |       |    43 |   149 |   238 |    55 ||   485
       Iskenderun's Myst |       |       |    13 |    60 |   125 |    91 ||   289
       Fireball          |       |       |       |    33 |    32 |    10 ||    75
       Olgreb's Toxic Ra |       |       |       |    19 |    36 |    11 ||    66
       Lee's Rapid Decon |       |       |       |       |   146 |   113 ||   259
       Iron Shot         |       |       |       |       |    39 |    48 ||    87
       Orb of Destructio |       |       |       |       |    24 |    18 ||    42
       Ignite Poison     |       |       |       |       |       |     1 ||     1
Evoke: Wand              |       |       |     1 |       |       |     2 ||     3
  Use: Scroll            |       |       |     5 |     9 |    15 |     4 ||    33
       Potion            |       |       |       |     1 |     1 |     4 ||     6
Armor: Robe              |     1 |     5 |    22 |    24 |    34 |    43 ||   129
Dodge: Dodged            |     6 |    10 |    40 |    42 |    50 |    55 ||   203
Block: Buckler           |       |       |       |       |     4 |    23 ||    27
